Map: Radhuset Station LE

Players

SubN - Winner!

  • Race: Zerg Zerg
  • League: Diamond
  • Spawn Location: 1:00

MrMojo

  • Race: Zerg Zerg
  • League: Diamond
  • Spawn Location: 7:00

VOD

Have the link to the VOD?

Description

Time

  • Played on: Jan. 4, 2024, 6:26 p.m.
  • Length: 4:06
Show
View Real Time Build Order
Export as new Build Order

SubN Zerg - Winner!

Build Orders: Pool First 

Get SALT Encoding   

  12  0:00  Drone  
  13  0:09  Drone  
  14  0:15  Extractor  
  13  0:29  Spawning Pool  
  12  1:01  Hatchery  
  11  1:17  Queen  
  13  1:29  Metabolic Boost  
  13  1:40  Overlord  
  13  1:45  Zergling x2  
  14  1:58  Zergling x4  
  16  2:03  Zergling x2  
  17  2:14  Zergling x2  
  17  2:15  Zergling x2  
  19  2:23  Queen  
  19  2:28  Zergling x2  
  22  2:32  Zergling x2  
  23  2:39  Zergling x2  
  23  2:42  Zergling x2  
  25  2:47  Zergling x2  
  26  2:53  Zergling x2  
  26  2:56  Zergling x2  
  28  3:09  Zergling x2  
  27  3:17  Zergling x2  
  27  3:33  Overlord  
  27  3:48  Zergling x2  
Show
View Real Time Build Order
Export as new Build Order

MrMojo Zerg 

Build Orders: Hatch First 

Get SALT Encoding   

  12  0:03  Drone  
  13  0:09  Drone  
  14  0:21  Drone x2, Extractor x2  
  16  0:48  Extractor x2  
  14  0:50  Hatchery  
  14  0:53  Drone  
  14  1:00  Extractor  
  14  1:01  Drone, Extractor  
  13  1:06  Drone  
  17  1:23  Spawning Pool  
  16  1:26  Overlord  
  16  1:37  Extractor  
  16  1:39  Extractor  
  14  1:44  Drone x2  
  14  1:46  Extractor  
  18  2:13  Hatchery, Metabolic Boost  
  17  2:23  Drone x2  
  17  2:24  Drone  
  17  2:29  Drone  
  21  2:40  Baneling Nest, Zergling x2  
  21  2:42  Zergling x2  
  22  2:44  Zergling x2  
  22  2:47  Zergling x2  
  22  2:50  Zergling x2  
  25  2:53  Zergling x2  
  25  2:56  Zergling x2  
  27  2:59  Zergling x2  
  27  3:05  Spore Crawler  
  27  3:09  Zergling x4  
  23  3:20  Zergling x4  
  23  3:25  Zergling x2  
  24  3:30  Zergling x2  
  24  3:31  Zergling x2  
  24  3:37  Zergling x2  
  25  3:41  Zergling x2  
  25  3:47  Zergling x2  
Tags
 
Add a new tag
Caveats
  • Supply blocks, unpowered buildings, or Contaminate may cause inaccurate times.
  • Supply counts are checked every 10 seconds.